 Dungeon Crawl Stone Soup version 0.23-a0-375-g66a18ee (webtiles) character file.

1945 MisterFreud the Nimble (level 8, -4/36 HPs)
             Began as a Felid Transmuter on Oct 26, 2018.
             Slain by an orc warrior
             ... wielding a +0 battleaxe
              (22 damage)
             ... on level 7 of the Dungeon.
             The game lasted 00:21:14 (6945 turns).

MisterFreud the Nimble (Felid Transmuter)           Turns: 6945, Time: 00:21:15

Health: -4/36      AC:  2    Str:  8    XL:     8   Next: 98%
Magic:  12/13      EV: 24    Int: 14    God:
Gold:   267        SH:  0    Dex: 17    Spells: 5/11 levels left
                                        Lives:  0   Deaths: 2

rFire    . . .     SeeInvis +     - Unarmed
rCold    . . .     Gourm    .   (shield unavailable)
rNeg     . . .     Faith    .   (armour unavailable)
rPois    .         Spirit   .   (helmet unavailable)
rElec    .         Reflect  .   (cloak unavailable)
rCorr    .         Harm     .   (gloves unavailable)
MR       +....                  (boots unavailable)
Stlth    +++.......             k - amulet of rage
HPRegen  0.12/turn              m - ring of wizardry
MPRegen  0.13/turn              (no ring)

@: quick
A: very small, no armour, no weapons or thrown items, stealth, claws 1, fangs 3,
see invisible, carnivore, speed 1, shaggy fur 2, slow metabolism 1, sharp paws
a: Evoke Berserk Rage


You were on level 7 of the Dungeon.
You were completely stuffed.

You visited 1 branch of the dungeon, and saw 7 of its levels.
You also visited: Sewer.

You collected 267 gold pieces.

Inventory:

Missiles
 a - 103 arrows
Jewellery
 k - an amulet of rage (around neck)
 m - a ring of wizardry (left paw)
Wands
 j - a wand of random effects (26)
Scrolls
 e - 3 scrolls of remove curse
 h - 3 scrolls of teleportation
 i - a scroll of fear
 n - a scroll of amnesia {unknown}
 o - a scroll of random uselessness {unknown}
 p - a scroll of enchant armour {unknown}
 r - a scroll of fog {unknown}
Potions
 b - 2 potions of flight
 d - a potion of curing
 f - a potion of haste
 g - a potion of mutation
 l - a potion of lignification {unknown}
 q - a potion of degeneration {unknown}
Comestibles
 c - 11 rations


   Skills:
 - Level 3.6 Fighting
 - Level 8.2 Dodging
 - Level 5.2 Stealth
 + Level 7.6 Unarmed Combat
 - Level 2.0 Spellcasting
 - Level 4.0 Transmutations
 - Level 6.0 Evocations


You had 5 spell levels left.
You knew the following spells:

 Your Spells              Type           Power        Failure   Level  Hunger
a - Beastly Appendage     Tmut           ##....       1%          1    ##.....
b - Sticks to Snakes      Tmut           ##......     2%          2    ###....
c - Spider Form           Tmut/Pois      #.........   12%         3    ####...

Your spell library contained the following spells:

 Spells                   Type           Power        Failure   Level  Hunger
 Ice Form                 Ice/Tmut       #.......     38%         4    #####..
 Blade Hands              Tmut           ##........   43%         5    ######.


Dungeon Overview and Level Annotations

Branches:
Dungeon (7/15)
 Temple: D:4-7

Altars:
Ashenzari
Elyvilon


Innate Abilities, Weirdness & Mutations

You cannot wear armour.
You are incapable of wielding weapons or throwing items.
Your paws allow you to move quietly. (Stealth)
You have sharp claws.
You have razor-sharp teeth.
You have supernaturally acute eyesight. (SInv)
You are carnivorous and can eat meat at any time.
You cover ground quickly.
You are covered in thick fur. (AC +2)
You have a slow metabolism.
Your sharp claws are effective at attacking unaware monsters.


Message History

An orc priest comes into view. It is wielding a +0 club.
The hound misses you.
You hit the orc.
You kill the orc!
The hound barely misses you.
You hit the hound.
The hound is poisoned.
The hound is moderately wounded.
The hound closely misses you.
You bite the hound!
You kill the hound!
An orc wizard comes into view. It is wielding a +0 dagger.
Your transformation has ended.
The orc wizard mumbles some strange words.
The orc wizard seems to speed up.
The ogre closely misses you.
The orc priest mumbles some strange prayers to Beogh against you.
Beogh smites you!
The orc warrior hits you with a +0 battleaxe!!
Ouch! That really hurt!
You die...

#..# ......# #..
##......#
.###..##††.....#
.......#o......#
#.............#
####.....o....#
#...o.....>#
##..Oo.....##
#....@.....# ..
#..........# ..#
####
##...##....#..#
##..#
#.####......##
##...## ###
##......#
##.....##
##..####...
##.......#
##..## #
#......<.##
##..##
#..........#
##..##


You could see an orc warrior, an ogre, an orc priest, an orc wizard and an orc.

Vanquished Creatures
  Grinder (D:4)
  Eustachio (D:4)
  Duvessa (D:4)
  An orc warrior (D:6)
  4 ogres
  2 centaurs
  8 big kobolds (Sewer)
  A bullfrog (D:6)
  Dowan (D:4)
  A scorpion (D:5)
  A crimson imp (D:6)
  5 hounds
  A jelly (D:6)
  Crazy Yiuf (D:4)
  A centaur skeleton (D:4)
  An orc priest (D:3)
  5 orc wizards
  An iguana (D:4)
  3 worker ants
  Robin (D:3)
  9 adders
  3 oozes (Sewer)
  An adder zombie (D:5)
  5 worms
  A dart slug (D:3)
  A leopard gecko (D:2)
  8 orcs
  6 giant cockroaches
  13 goblins
  8 hobgoblins
  8 jackals
  3 quokkas
  3 ball pythons
  5 bats
  7 frilled lizards
  11 kobolds
  A leopard gecko skeleton (D:4)
  A quokka skeleton (D:6)
  7 rats
142 creatures vanquished.

Vanquished Creatures (collateral kills)
  2 worms (Sewer)
  A kobold (Sewer)
  A ball python (Sewer)
4 creatures vanquished.

Vanquished Creatures (others)
  An orc priest (D:7)
  A hound (D:7)
  An iguana (D:7)
  A leopard gecko (D:7)
4 creatures vanquished.

Grand Total: 150 creatures vanquished

Notes
Turn   | Place    | Note
-------+----------+-------------------------------------------
     0 | D:1      | MisterFreud the Felid Transmuter began the quest for the
                  | Orb.
     0 | D:1      | Reached XP level 1. HP: 9/9 MP: 4/4
   107 | D:1      | Reached skill level 1 in Stealth
   357 | D:1      | Reached XP level 2. HP: 8/12 MP: 6/6
  1295 | D:2      | Reached XP level 3. HP: 10/15 MP: 5/7
  1661 | D:2      | Found a white marble altar of Elyvilon.
  1854 | D:3      | Found a glowing drain.
  1872 | D:3      | Reached skill level 5 in Stealth
  1877 | Sewer    | Entered a sewer
  1906 | Sewer    | Learned a level 2 spell: Sticks to Snakes
  1932 | Sewer    | Noticed a big kobold
  1951 | Sewer    | Killed a big kobold
  1951 | Sewer    | Reached XP level 4. HP: 14/20 MP: 5/8
  2002 | Sewer    | Noticed a big kobold
  2002 | Sewer    | Noticed a big kobold
  2024 | Sewer    | Killed a big kobold
  2024 | Sewer    | Reached XP level 5. HP: 8/25 MP: 6/9
  2033 | Sewer    | HP: 1/25 [big kobold (5)]
  2036 | Sewer    | Slain by a big kobold
  2037 | Sewer    | Reached XP level 4. HP: -5/22 MP: 7/8
  2124 | Sewer    | Killed a big kobold
  2124 | Sewer    | Reached XP level 5. HP: 17/25 MP: 5/9
  2188 | Sewer    | Reached skill level 5 in Unarmed Combat
  2188 | Sewer    | Gained mutation: You are covered in thick fur. (AC +2)
                  | [Felid growth]
  2188 | Sewer    | Reached XP level 6. HP: 6/28 MP: 5/10
  2483 | Sewer    | HP: 1/28 [big kobold/bolt (4)]
  3380 | D:3      | Reached XP level 7. HP: 31/31 MP: 6/11
  4156 | D:3      | Learned a level 3 spell: Spider Form
  4485 | D:4      | Noticed Robin
  4525 | D:4      | Noticed Eustachio
  4525 | D:4      | Noticed Grinder
  4600 | D:4      | Reached skill level 3 in Dodging
  4601 | D:4      | Noticed Duvessa
  4601 | D:4      | Noticed Dowan
  4674 | D:4      | Reached skill level 4 in Dodging
  4796 | D:3      | Slain by a hound
  4797 | D:3      | Reached XP level 6. HP: -1/28 MP: 7/10
  4799 | D:3      | Reached skill level 5 in Dodging
  4954 | D:3      | Killed Robin
  5063 | D:4      | Killed Duvessa
  5063 | D:4      | Reached skill level 6 in Dodging
  5063 | D:4      | Reached XP level 7. HP: 12/31 MP: 6/11
  5259 | D:4      | Killed Dowan
  5444 | D:4      | Killed Eustachio
  5444 | D:4      | Reached skill level 7 in Dodging
  5460 | D:4      | Reached skill level 8 in Dodging
  5520 | D:4      | Killed Grinder
  5520 | D:4      | Reached XP level 8. HP: 10/36 MP: 5/12
  5883 | D:4      | Found a runed door.
  5888 | D:4      | Noticed Crazy Yiuf
  5894 | D:4      | Killed Crazy Yiuf
  5972 | D:5      | Entered Level 5 of the Dungeon
  6024 | D:5      | Reached skill level 5 in Evocations
  6319 | D:6      | Found a shattered altar of Ashenzari.
  6945 | D:7      | Slain by an orc warrior

Vault maps used:
D:1:      minmay_arrival_semitransparent
D:2:      old_standard_altar, item_on_display_a
D:3:      cheibrodos_pilgrimage, gup_sewer_entry_glass, first_ration
D:4:      uniq_eustachio, uniq_duvessa, uniq_grinder, uniq_robin,
          uniq_crazy_yiuf_cottage
D:6:      cheibrodos_ashenzari_chains
D:7:      minmay_temple_entry_from_below_a, the_bakery, xom_confusion_cloud
Sewer:    sewer_co_tree

Skill      XL: |  1  2  3  4  5  6  7  8 |
---------------+-------------------------+-----
Stealth        | 2 4 5 |  5.2
Fighting       | 2 3 |  3.6
Unarmed Combat | 4 5 6 7 |  7.6
Transmutations | 4 |  4.0
Dodging        | 6 8 |  8.2
Evocations     | 3 6 |  6.0
Spellcasting   | |  2.0

Action                   |  1- 3 |  4- 6 |  7- 9 || total
-------------------------+-------+-------+-------++-------
Melee: Unarmed           |   124 |   132 |   199 ||   455
       Headbutt          |     8 |    15 |     4 ||    27
       Bite              |     7 |    10 |     3 ||    20
       Punch             |     1 |     1 |     2 ||     4
 Cast: Beastly Appendage |    30 |    17 |     5 ||    52
       Sticks to Snakes  |     2 |    22 |     2 ||    26
       Spider Form       |       |     4 |    26 ||    30
  Use: Scroll            |     4 |       |     5 ||     9
       Potion            |     1 |     1 |     2 ||     4
 Stab: Sleeping          |     9 |       |    14 ||    23
       Invisible         |       |     2 |       ||     2
       Distracted        |       |     2 |       ||     2
  Eat: Chunk             |    10 |     9 |    17 ||    36
Armor: Skin              |     2 |     3 |     8 ||    13
Dodge: Dodged            |   107 |    98 |   180 ||   385

Table legend:
 A = Non-vault XP
 B = Vault XP
 C = Vault XP percentage of total XP
 D = Non-vault monster count
 E = Vault monster count
 F = Vault count percentage of total count
                 A         B        C        D         E       F
            +---------+---------+-------+---------+---------+-------
      Total |    1776 |    1685 |  48.7 |      91 |      55 |  37.7
            +---------+---------+-------+---------+---------+-------
        D:1 |      29 |       0 |   0.0 |      17 |       0 |   0.0
        D:2 |      29 |       0 |   0.0 |      19 |       0 |   0.0
        D:3 |     179 |     184 |  50.7 |      18 |      18 |  50.0
        D:4 |     484 |     734 |  60.3 |      10 |       9 |  47.4
        D:5 |     224 |       0 |   0.0 |       4 |       0 |   0.0
        D:6 |     786 |       0 |   0.0 |      21 |       0 |   0.0
        D:7 |      45 |       0 |   0.0 |       2 |       0 |   0.0
      Sewer |       0 |     767 | 100.0 |       0 |      28 | 100.0
            +---------+---------+-------+---------+---------+-------
